 Dungeon Crawl Stone Soup version 0.29.0-5-ge4962eb29e (webtiles) character file.

Game seed: 12500649467049285589

89 gelatine the Shooter (level 4, -1/34 HPs)
             Began as a Demonspawn Hunter on Aug 30, 2022.
             Succumbed to a scorpion's poison
             ... on level 4 of the Dungeon.
             The game lasted 00:05:22 (2158 turns).

gelatine the Shooter (Demonspawn Hunter)            Turns: 2158, Time: 00:05:23

Health: -1/34      AC:  9    Str: 12    XL:     4   Next: 31%
Magic:  4/4        EV: 12    Int: 10    God:
Gold:   173        SH:  0    Dex: 18    Spells: 3/3 levels left

rFire   . . .      SeeInvis .   a - +0 shortbow
rCold   . . .      Faith    .   (shield currently unavailable)
rNeg    . . .      Spirit   .   c - +0 leather armour
rPois   .          Reflect  .   (no helmet)
rElec   .          Harm     .   (no cloak)
rCorr   .          Rampage  .   (no gloves)
Will    .....                   (no boots)
Stlth   ++........              (no amulet)
HPRegen 0.11/turn               (no ring)
MPRegen 0.09/turn               (no ring)

@: mighty, lethally poisoned (-1 -> -23), sanguine armoured
A: hooves 1, powered by pain 1, sanguine armour 1
a: no special abilities


You were on level 4 of the Dungeon.
You visited 1 branch of the dungeon, and saw 4 of its levels.

You collected 173 gold pieces.

Inventory:

Hand Weapons
 a - a +0 shortbow (weapon)
 e - the +7 hand axe of Jem Doy {pain, rPois rC- rN++ Dex+2}
   (You found it on level 2 of the Dungeon)

   In the hands of one skilled in necromantic magic, it inflicts extra damage on
   living creatures.
   Dex:       It affects your dexterity (+2).
   rC:        It makes you vulnerable to cold.
   rPois:     It protects you from poison.
   rN:        It greatly protects you from negative energy.
Armour
 c - a +0 leather armour (worn)
 d - a +0 scale mail
Magical Staves
 j - a staff of fire
Scrolls
 b - a scroll of immolation
 f - a scroll of identify {unknown}
Potions
 g - a potion of curing {unknown}
 h - a potion of heal wounds {unknown}
 i - 2 potions of brilliance {unknown}
 k - 2 potions of haste {unknown}


   Skills:
 + Level 2.3 Fighting
 + Level 4.8 Ranged Weapons
 + Level 1.1 Armour
 + Level 2.0 Dodging
 + Level 0.9 Stealth


You had 3 spell levels left.
You didn't know any spells.
Your spell library contained the following spells:

 Spells                   Type           Power      Damage    Failure   Level
 Sandblast                Erth           0%         2d4       43%         1
 Passwall                 Tmut/Erth      0%         N/A       58%         2
 Ozocubu's Armour         Ice            0%         N/A       82%         3
 Stone Arrow              Conj/Erth      0%         3d7       82%         3
 Tukima's Dance           Hex            0%         N/A       82%         3
 Anguish                  Hex/Necr       0%         N/A       99%         4
 Passage of Golubria      Tloc           0%         N/A       99%         4
 Metabolic Englaciation   Hex/Ice        0%         N/A       100%        5
 Silence                  Hex/Air        0%         N/A       100%        5
 Yara's Violent Unravell  Hex/Tmut       0%         3d3       100%        5
 Ozocubu's Refrigeration  Ice            0%         4d7       100%        7


Dungeon Overview and Level Annotations

Branches:
Dungeon (5/15)
 Temple: D:4-7

Altars:
Dithmenos

Shops:
D:1 :   D:4 *

Annotations:
D:4 1 transporter


Innate Abilities, Weirdness & Mutations

You have large cloven feet.
You sometimes gain a little power by taking damage.
When seriously injured, your blood forms armour. (AC +6)


Message History

The scorpion is lightly wounded.
You shoot an arrow.
The arrow hits the scorpion but does no damage.
The scorpion is lightly wounded.
You shoot an arrow. The arrow closely misses the scorpion.
The scorpion barely misses you.
You shoot an arrow. The arrow hits the scorpion.
The scorpion is moderately wounded.
The scorpion stings you.
You are poisoned.
The scorpion poisons you! The scorpion stings you.
You shoot an arrow.
The arrow hits the scorpion but does no damage.
The scorpion is moderately wounded.
Your blood congeals into armour.
You feel very sick. The scorpion stings you.
You are more poisoned.
The scorpion poisons you! The scorpion stings you.
You are more poisoned.
The scorpion poisons you!
You are too injured to fight recklessly!
Fire: a) +0 shortbow
Press: ? - help, Q - select action Shift-Dir - straight line, f/p - scorpion
Aim: a scorpion (moderately wounded, 64% to hit)
You shoot an arrow. The arrow hits the scorpion!
The scorpion is almost dead.
You hear the rapid hiss of an avalanche of sand nearby.
* * * LOW HITPOINT WARNING * * *
You focus on the pain.
You feel very mighty all of a sudden.
You feel extremely sick. The scorpion closely misses you.
Fire: a) +0 shortbow
Press: ? - help, Q - select action Shift-Dir - straight line, f/p - scorpion
Aim: a scorpion (almost dead, 64% to hit)
You shoot an arrow.
The arrow hits the scorpion but does no damage.
The scorpion is almost dead.
You die...

########
####...?.. #..
..... ##.##....
##...##..
...∩..s.# ##@#
#.##.##..#####.
#......>........
#...............
#...............
#...............
#............#..
#####........# .
#........#


You could see a scorpion.

Vanquished Creatures
  Terence (D:2)
  2 adders (D:2)
  3 dart slugs
  An orc (D:4)
  5 ball pythons
  2 endoplasms (D:1)
  5 giant cockroaches
  A goblin (D:2)
  5 hobgoblins
  3 kobolds
  A quokka (D:1)
  5 bats
  3 frilled lizards
  2 rats (D:1)
39 creatures vanquished.

Notes
Turn   | Place    | Note
-------+----------+-------------------------------------------
     0 | D:1      | gelatine the Demonspawn Hunter began the quest for the Orb.
     0 | D:1      | Reached XP level 1. HP: 16/16 MP: 1/1
    45 | D:1      | Reached skill level 4 in Ranged Weapons
    50 | D:1      | Gained mutation: You have large cloven feet. [demonic
                  | ancestry]
    50 | D:1      | Reached XP level 2. HP: 22/22 MP: 2/2
   263 | D:1      | Found Erebadwu's Book Boutique.
   822 | D:2      | Gained mutation: When seriously injured, your blood forms
                  | armour. (AC +6) [demonic ancestry]
   822 | D:2      | Reached XP level 3. HP: 27/27 MP: 3/3
   836 | D:2      | Identified the +7 hand axe of Jem Doy {pain, rPois rC- rN++
                  | Dex+2}
   853 | D:2      | Got Esag's Disquisition on Guile
  1039 | D:2      | Noticed Terence
  1048 | D:2      | Killed Terence
  1049 | D:2      | Reached skill level 1 in Armour
  1049 | D:2      | Gained mutation: You sometimes gain a little power by
                  | taking damage. [demonic ancestry]
  1049 | D:2      | Reached XP level 4. HP: 14/33 MP: 4/4
  1601 | D:2      | You fall into a shaft and drop 2 floors!
  1853 | D:4      | Found a transporter.
  1888 | D:4      | Found a shadowy altar of Dithmenos.
  1910 | D:4      | Noticed an ogre
  1923 | D:5      | Entered Level 5 of the Dungeon
  2151 | D:4      | Found Umol's Gadget Gallery.
  2151 | D:4      | Noticed a scorpion
  2158 | D:4      | Succumbed to a scorpion's poison

Illustrated notes

Levels and vault maps discovered:
D:1:      erik_arrival_cave_to_civilisation [erik_arrival_cave_to_hall],
          layout_loops_ring, serial_shops, nicolae_shop_behind_doors,
          hangedman_decor_opposing
D:2:      layout_basic, shapermc_ecumenical_altar_mp_vishouse,
          kennysheep_decorative_pillar, uniq_terence
D:4:      layout_basic, nicolae_dithmenos_the_darkroom,
          mainiacjoe_overflow_catwalk_spiral, gammafunk_ghost_stat_death,
          enter_ossuary_3, minmay_misc_feat_tiny,
          nicolae_concentric_dashed_squares_wild, eino_tiny_chamber,
          nicolae_shop_gadgets
D:5:      layout_basic, mainiacjoe_overflow_big_doors,
          minmay_temple_entry_glass, st_stairs_1

Skill      XL: |  1  2  3 |
---------------+----------+-----
Ranged Weapons | 4 |  4.8
Dodging        | 2 |  2.0
Armour         | 1 |  1.1
Fighting       | |  2.3
Stealth        | |  0.9

Action                   |  1- 3 |  4- 6 || total
-------------------------+-------+-------++-------
 Fire: Shortbow          |    96 |    34 ||   130
  Use: Scroll            |     2 |     2 ||     4
       Potion            |       |     1 ||     1
Armor: Leather armour    |    10 |     5 ||    15
Dodge: Dodged            |    36 |    17 ||    53
